 Dungeon Crawl Stone Soup version 0.27.1-1-g398f81649c (webtiles) character file.

Game seed: 6867424336611701519

77 safid the Chopper (level 4, 0/40 HPs)
             Began as a Hill Orc Fighter on Sept 7, 2021.
             Succumbed to an adder's poison
             ... on level 2 of the Dungeon.
             The game lasted 00:03:01 (1389 turns).

safid the Chopper (Hill Orc Fighter)                Turns: 1389, Time: 00:03:02

Health: 0/40       AC:  8    Str: 18 (19) XL:     4   Next: 34%
Magic:  4/4        EV:  7    Int:  5 (8)  God:
Gold:   21         SH:  9    Dex:  8 (10) Spells: 3/3 levels left

rFire    . . .     SeeInvis .   a - +0 war axe
rCold    . . .     Faith    .   c - +0 kite shield
rNeg     . . .     Spirit   .   b - +0 scale mail
rPois    .         Reflect  .   h - +0 helmet
rElec    .         Harm     .   (no cloak)
rCorr    .         Rampage  .   (no gloves)
Will     .....                  (no boots)
Stlth    ..........             (no amulet)
HPRegen  0.13/turn              (no ring)
MPRegen  0.09/turn              (no ring)

@: lethally poisoned (0 -> -5), on berserk cooldown, slowed, very slow
A: no striking features
a: no special abilities


You were on level 2 of the Dungeon.
You visited 1 branch of the dungeon, and saw 2 of its levels.

You collected 21 gold pieces.

Inventory:

Hand Weapons
 a - a +0 war axe (weapon)
Armour
 b - a +0 scale mail (worn)
 c - a +0 kite shield (worn)
 h - a +0 helmet (worn)
Scrolls
 f - a scroll of vulnerability {unknown}
 g - a scroll of identify {unknown}
 i - a scroll of torment {unknown}
 l - a scroll of amnesia {unknown}
Potions
 d - a potion of might
 e - 2 potions of degeneration
 k - a potion of heal wounds {unknown}


   Skills:
 + Level 4.1 Fighting
 + Level 4.4 Axes
 + Level 3.9 Armour
 + Level 3.7 Shields


You had 3 spell levels left.
You didn't know any spells.
Your spell library contained the following spells:

 Spells                   Type           Power      Damage    Failure   Level
 Frozen Ramparts          Ice            0%         1d2       100%        3
 Ice Form                 Ice/Tmut       0%         N/A       100%        4
 Summon Ice Beast         Ice/Summ       0%         N/A       100%        4


Dungeon Overview and Level Annotations

Branches:
Dungeon (2/15)

Altars:


Message History

You miss the adder.
The adder is heavily wounded.
You feel very sick. The adder bites you.
You are more poisoned.
The adder poisons you! The adder bites you.
You are more poisoned.
The adder poisons you!
You slash the adder!
You kill the adder!
* * * LOW HITPOINT WARNING * * *
You feel very sick.
It was a potion of degeneration.
There was something very wrong with that liquid.
You feel weakened.
You feel dopey.
You feel clumsy.
* * * LOW HITPOINT WARNING * * *
You feel very sick.
It was a potion of berserk rage.
A red film seems to cover your vision as you go berserk!
You feel yourself moving faster!
You feel mighty!
* * * LOW HITPOINT WARNING * * *
You feel sick.
You are too berserk!
Unknown command.
Calm down first, please.
Calm down first, please.
You feel a strong urge to attack something.
* * * LOW HITPOINT WARNING * * *
You feel sick.
A jackal comes into view.
* * * LOW HITPOINT WARNING * * *
You feel sick.
The jackal barks!
You feel your anger nearly subside.
* * * LOW HITPOINT WARNING * * *
You feel sick.
You are no longer berserk.
You are exhausted.
You feel yourself slow down.
You die...

#..# #..## ####.#
#...# ##....# #.#.#
#..>..# #.#.# #.....#
#.#.# #.....# #.#.#
#...######.
#.#.#######.......h..
#.#........@.........
#.#########.)#######.
# #))# # #...#
#.##### ......
....... ###..###
#.##### #..# #..#
#..#


You could see a jackal.

Vanquished Creatures
  An orc wizard (D:2)
  An adder (D:2)
  A dart slug (D:1)
  3 orcs (D:2)
  2 ball pythons (D:1)
  4 bats
  5 endoplasms
  A giant cockroach (D:2)
  4 goblins
  3 jackals (D:2)
  2 quokkas (D:2)
  2 frilled lizards (D:1)
  A kobold (D:1)
  7 rats (D:1)
37 creatures vanquished.

Notes
Turn   | Place    | Note
-------+----------+-------------------------------------------
     0 | D:1      | safid the Hill Orc Fighter began the quest for the Orb.
     0 | D:1      | Reached XP level 1. HP: 19/19 MP: 1/1
   391 | D:1      | Found a faded altar of an unknown god.
   396 | D:1      | Reached XP level 2. HP: 25/27 MP: 2/2
   952 | D:2      | Reached XP level 3. HP: 30/33 MP: 3/3
  1377 | D:2      | Reached XP level 4. HP: 29/40 MP: 4/4
  1387 | D:2      | HP: 3/60 [poisoned by an adder]
  1389 | D:2      | Succumbed to an adder's poison

Illustrated notes

Levels and vault maps discovered:
D:1:      dpeg_arrival_circle_labyrinth_c, layout_basic,
          ebering_ecumenical_altar_webs
D:2:      layout_loops_ring

Skill      XL: |  1  2  3 |
---------------+----------+-----
Axes           | 3 4 |  4.4
Fighting       | 4 |  4.1
Armour         | |  3.9
Shields        | |  3.7

Action                   |  1- 3 |  4- 6 || total
-------------------------+-------+-------++-------
Melee: War axe           |    79 |     7 ||    86
  Use: Potion            |       |     2 ||     2
Armor: Scale mail        |    50 |    10 ||    60
Dodge: Dodged            |    22 |       ||    22
Block: Kite shield       |    44 |     1 ||    45
